 Dungeon Crawl Stone Soup version 0.29.1-13-g9f3cf754e1 (webtiles) character file.

Game seed: 1197213097772275980

85 Rikuski the Firebug (level 4, 0/33 HPs)
             Began as a Draconian Fire Elementalist on Jan 30, 2023.
             Was a Plaything of Xom.
             Slain by a gnoll
             ... wielding a +0 club
              (5 damage)
             ... on level 3 of the Dungeon.
             The game lasted 00:19:34 (2441 turns).

Rikuski the Firebug (Draconian Fire Elementalist)   Turns: 2441, Time: 00:19:35

Health: 0/33       AC:  5    Str: 11    XL:     4   Next: 25%
Magic:  2/8        EV: 12    Int: 17    God:    Xom [...*..]
Gold:   9          SH:  0    Dex: 11    Spells: 8/9 levels left

rFire   + . .      SeeInvis .   s - +2 dagger (protect)
rCold   . . .      Faith    .   (no shield)
rNeg    . . .      Spirit   .   (body armour unavailable)
rPois   .          Reflect  .   (helmet restricted)
rElec   .          Harm     .   (no cloak)
rCorr   .          Rampage  .   (no gloves)
Will    .....                   (no boots)
Stlth   ++........              (no amulet)
HPRegen 0.11/turn               d - ring of protection from fire
MPRegen 0.11/turn               j - ring of wizardry

@: no status effects
A: AC +5, unfitting armour, cold-blooded
a: Renounce Religion


You were on level 3 of the Dungeon.
You worshipped Xom.
You were a favourite toy of Xom.
You visited 1 branch of the dungeon, and saw 3 of its levels.

You collected 113 gold pieces.
You spent 104 gold pieces at shops.

Inventory:

Hand Weapons
 b - a +0 dagger
 f - a +4 dagger
 s - a +2 dagger of protection (weapon)
Missiles
 e - 7 poisoned darts (quivered)
 h - 36 stones
Armour
 k - a +2 robe of willpower
Jewellery
 d - a ring of protection from fire (left hand)
 j - a ring of wizardry (right hand)
Scrolls
 i - a scroll of magic mapping {unknown}
 l - 3 scrolls of identify {unknown}
 m - a scroll of vulnerability {unknown}
 n - a scroll of blinking {unknown}
 o - 2 scrolls of teleportation
 t - a scroll of enchant armour {unknown}
Potions
 a - 2 potions of magic
 c - a potion of lignification {unknown}
 g - a potion of flight {unknown}
 p - a potion of heal wounds
 q - a potion of curing
 r - 2 potions of cancellation {unknown}


   Skills:
 + Level 0.2 Fighting
 + Level 0.7 Short Blades
 + Level 2.3 Dodging
 + Level 2.1 Stealth
 + Level 3.0 Spellcasting
 + Level 1.2 Conjurations
 + Level 3.5 Fire Magic


You had 8 spell levels left.
You knew the following spells:

 Your Spells              Type           Power      Damage    Failure   Level
a - Foxfire               Conj/Fire      40%        2x1d6     2%          1

Your spell library contained the following spells:

 Spells                   Type           Power      Damage    Failure   Level
 Scorch                   Fire           28%        2d6       2%          2
 Conjure Flame            Conj/Fire      10%        6-21      8%          3
 Inner Flame              Hex/Fire       8%         N/A       11%         3
 Flame Wave               Conj/Fire      10%        2d6       26%         4


Dungeon Overview and Level Annotations

Branches:
Dungeon (3/15)

Altars:
Xom

Shops:
D:2 !


Innate Abilities, Weirdness & Mutations

Your plain brown scales are hard. (AC +5)
You cannot fit into any form of body armour.
You are cold-blooded and may be slowed by cold attacks.


Message History

Confirm with . or Enter, or press ? or * to list all spells.
You conjure some foxfire!
The foxfire hits the gnoll sergeant but does no damage.
The gnoll sergeant is lightly wounded.
The foxfire hits the gnoll sergeant but does no damage.
The gnoll sergeant is lightly wounded.
Your foxfire dissipates!
The foxfire hits the gnoll sergeant.
The gnoll sergeant is moderately wounded.
Unknown command.
Casting: Foxfire (safe; 2% risk of failure)
Confirm with . or Enter, or press ? or * to list all spells.
You conjure some foxfire!
The gnoll sergeant hits you from afar with a +4 antimagic trident!
The foxfire hits the gnoll sergeant but does no damage.
The gnoll sergeant is lightly wounded.
The foxfire hits the gnoll sergeant but does no damage.
The gnoll sergeant is lightly wounded.
The gnoll sergeant hits you from afar with a +4 antimagic trident.
You feel your power leaking away.
Xom's attention almost turns to you for a moment.
A monocle briefly appears over your right eye.
You are now a favourite toy of Xom.
The gnoll sergeant hits you from afar with a +4 antimagic trident.
* * * LOW HITPOINT WARNING * * *
The gnoll hits you from afar with a +0 halberd.
* * * LOW HITPOINT WARNING * * *
Found a stone staircase leading up.
A gnoll comes into view. It is wielding a +0 club.
The gnoll shouts!
You hear a shout!
A gnoll comes into view. It is wielding a +0 flail.
There is a shaft here.
Found a club.
The gnoll shouts!
The gnoll sergeant falls through a shaft!
The shaft crumbles and collapses.
A gnoll comes into view. It is wielding a +0 club. x2
The gnoll attacks as you move away! The gnoll hits you with a +0 club.
You die...
Xom giggles madly!

#.. #.# ... #
#.# # #..<#.#
# #.#.#.#
###.#.....#
.....##@###.#
...g..g.....#
.....##○#####
..gg #g#
###### ...
#g# #....# ).
#g# #....# .
#.####....##
#.##.......#
#.##[#.....#


You could see 7 gnolls.

Vanquished Creatures
  An orc priest (D:3)
  A gnoll (D:3)
  2 worms (D:2)
  2 dart slugs
  2 orcs (D:3)
  3 ball pythons
  4 endoplasms
  A giant cockroach (D:1)
  7 goblins
  2 hobgoblins
  2 kobolds (D:2)
  2 bats
  A frilled lizard (D:2)
  3 rats
33 creatures vanquished.

Vanquished Creatures (others)
  59 foxfires
59 creatures vanquished.

Grand Total: 92 creatures vanquished

Notes
Turn   | Place    | Note
-------+----------+-------------------------------------------
     0 | D:1      | Rikuski the Draconian Fire Elementalist began the quest for
                  | the Orb.
     0 | D:1      | Reached XP level 1. HP: 14/14 MP: 3/3
   363 | D:1      | Reached XP level 2. HP: 20/20 MP: 1/5
   527 | D:1      | Found a faded altar of an unknown god.
   540 | D:1      | Prayed at the altar of an unknown god.
   540 | D:1      | Became a worshipper of Xom of Chaos
   601 | D:1      | XOM: silly message
   700 | D:1      | XOM: divination: magic mapping
   922 | D:1      | XOM: silly message
  1428 | D:2      | Reached XP level 3. HP: 26/26 MP: 1/6
  1467 | D:2      | Found Zoziulor's Distillery.
  1642 | D:2      | XOM: scenery: 1 doors close
  1757 | D:2      | XOM: butterfly on damage
  1931 | D:1      | XOM: divination: magic mapping
  1987 | D:2      | Bought a potion of heal wounds for 65 gold pieces
  1987 | D:2      | Bought a potion of curing for 39 gold pieces
  2039 | D:3      | HP: 1/26 [orc priest/divine providence (12)]
  2039 | D:3      | XOM: butterfly on damage
  2361 | D:3      | Reached XP level 4. HP: 20/33 MP: 6/8
  2411 | D:3      | Noticed a gnoll sergeant
  2424 | D:3      | XOM: silly message
  2441 | D:3      | Slain by a gnoll

Illustrated notes

Levels and vault maps discovered:
D:1:      grunt_arrival_crossed_arrows, layout_loops_ring,
          ebering_ecumenical_altar_rust
D:2:      layout_basic, serial_shops, shop
D:3:      layout_basic

Skill      XL: |  1  2  3  4 |
---------------+-------------+-----
Dodging        | 2 |  2.3
Stealth        | 2 |  2.1
Spellcasting   | 3 |  3.0
Fighting       | |  0.2
Short Blades   | |  0.7
Conjurations   | |  1.2
Fire Magic     | |  3.5

Action                   |  1- 3 |  4- 6 || total
-------------------------+-------+-------++-------
Melee: Dagger            |    51 |       ||    51
       Tailslap          |     3 |       ||     3
 Cast: Foxfire           |    41 |    10 ||    51
  Use: Scroll            |     2 |       ||     2
 Stab: Sleeping          |     1 |       ||     1
Armor: Skin              |    20 |       ||    20
Dodge: Dodged            |    62 |       ||    62
